 Dungeon Crawl Stone Soup version 0.21.0-24-g2553a33 (webtiles) character file.

439246 Gorglomux the Hoplite (level 23, -14/160 HPs)
             Began as a Gargoyle Fighter on Jan 20, 2018.
             Was a Believer of the Shining One.
             Demolished by a titan (25 damage)
             ... created by the fury of Okawaru
             ... on level 1 of the Crypt.
             The game lasted 00:54:11 (41022 turns).

Gorglomux the Hoplite (Gargoyle Fighter)           Turns: 41022, Time: 00:54:12

Health: -14/160    AC: 43    Str: 29    XL:     23   Next: 73%
Magic:  27/30      EV: 10    Int: 11    God:    the Shining One [**....]
Gold:   2166       SH: 42    Dex:  9    Spells: 22/22 levels left

rFire    + + .     SeeInvis .   x - +5 broad axe (flame) {god gift}
rCold    + + .     Gourm    .   J - +2 large shield {reflect} {god gift}
rNeg     + + +     Faith    .   w - +0 fire dragon scales
rPois    ∞         Spirit   .   G - +2 helmet {Int+3} {god gift}
rElec    +         Reflect  +   u - +2 cloak
rCorr    .         Harm     .   F - +2 pair of gloves
MR       ++...                  C - +0 pair of boots "Utuomaav" {god gift, rC+ Int+2}
Stlth    ..........             j - amulet of Desertification {Reflect rC+ rN+ Int-4 SH+6}
HPRegen  0.36/turn              c - ring of protection from cold
MPRegen  0.22/turn              v - ring of protection from magic

@: divine shield, flying, slowed, glowing, drained, very slow
A: big wings, deformed body, negative energy resistance 1, electricity
resistance, unbreathing, petrification resistance, rot immunity, AC +17
}: 3/15 runes: serpentine, barnacled, silver
a: Stop Flying, Divine Shield, Renounce Religion


You were on level 1 of the Crypt.
You worshipped the Shining One.
The Shining One was pleased with you.
You were not hungry.

You visited 8 branches of the dungeon, and saw 38 of its levels.
You visited the Abyss 1 time.

You collected 4658 gold pieces.
You spent 2492 gold pieces at shops.

Inventory:

Hand Weapons
 x - a +5 broad axe of flaming (weapon) {god gift}
Missiles
 Z - 7 throwing nets (quivered)
Armour
 u - a +2 cloak (worn)
 w - +0 fire dragon scales (worn)
 C - the +0 pair of boots "Utuomaav" (worn) {god gift, rC+ Int+2}
   (Okawaru gifted it to you on level 4 of the Lair of Beasts)

   It affects your intelligence (+2).
   It protects you from cold.
 F - a +2 pair of gloves (worn)
 G - a +2 helmet of intelligence (worn) {god gift}
 J - a +2 large shield of reflection (worn) {god gift}
Jewellery
 c - a ring of protection from cold (left hand)
 j - the amulet of Desertification (around neck) {Reflect rC+ rN+ Int-4 SH+6}
   (You bought it in a shop on level 2 of the Orcish Mines)

   [amulet of reflection]

   It shields you and reflects attacks.
   It affects your intelligence (-4).
   It protects you from cold.
   It protects you from negative energy.
   It affects your SH (+6).
 v - a ring of protection from magic (right hand)
Wands
 A - a wand of acid (29)
 D - a wand of digging (18)
 I - a wand of iceblast (36)
 O - a wand of clouds (3)
 P - a wand of paralysis (21)
 S - a wand of scattershot (13)
Scrolls
 a - 2 scrolls of fog
 l - 2 scrolls of summoning
 o - a scroll of brand weapon
 q - 21 scrolls of remove curse
 t - 4 scrolls of immolation
 y - 6 scrolls of fear
 B - a scroll of blinking
 K - 7 scrolls of enchant armour
 M - 5 scrolls of magic mapping
 R - 9 scrolls of identify
 T - 9 scrolls of teleportation
Potions
 b - 4 potions of haste
 d - 4 potions of might
 e - 4 potions of invisibility
 g - 7 potions of brilliance
 h - 4 potions of cancellation
 k - 6 potions of heal wounds
 n - 2 potions of resistance
 p - 4 potions of ambrosia
 r - 9 potions of lignification
 s - a potion of magic {unknown}
 z - 7 potions of agility
 E - a potion of berserk rage
 H - 5 potions of mutation {!q}
 Q - 16 potions of curing
Miscellaneous
 U - a box of beasts
 V - 2 phantom mirrors
 W - 4 sacks of spiders
 X - a phial of floods
 Y - a lamp of fire
Comestibles
 f - 40 rations


   Skills:
 + Level 21.2(20.9) Fighting
 - Level 18.0(17.6) Axes
 + Level 21.3(20.9) Armour
 + Level 2.6(2.4) Dodging
 + Level 21.3(20.9) Shields
 + Level 9.7(9.5) Invocations


You had 22 spell levels left.
You didn't know any spells.

Dungeon Overview and Level Annotations

Branches:
Dungeon (15/15)            Temple (1/1) D:4            Lair (6/6) D:11
 Shoals (4/4) Lair:3        Snake (4/4) Lair:3        Slime (0/5) Lair:6
    Orc (2/2) D:10            Elf (0/3) Orc:2        Vaults (5/5) D:14
  Crypt (1/3) Vaults:3     Depths (0/5) D:15

Altars:
Ashenzari
Cheibriados
Dithmenos
Elyvilon
Fedhas
Gozag
Hepliaklqana
Kikubaaqudgha
Makhleb
Nemelex Xobeh
Okawaru
Qazlal
Ru
Sif Muna
Trog
Uskayaw
Vehumet
Wu Jian
Xom
Yredelemnul
Zin
The Shining One
Beogh

Shops:
D:5 *!   D:6 :   D:7 %   Orc:1 (   Orc:2 [*(=   Snake:1 *=   Snake:2 !
Vaults:4 }

Annotations:
D:4 Gorglomux's ghost, amateur GrFi
Lair:2 exclusion: 2 oklob plants


Innate Abilities, Weirdness & Mutations

You are resistant to torment.
Your stone body is resilient. (AC +17)
You are immune to poison.
Your large and strong wings let you fly indefinitely.
You resist negative energy. (rN+)
You are resistant to electric shocks. (rElec)
You can survive without breathing.
You are immune to petrification.
You are immune to rotting.
Armour fits poorly on your strangely shaped body.


Message History

The bolt of lightning hits you!!! You resist!
The bolt of butt hits the titan!
The titan completely butts!
The bolt of lightning hits the titan!
The titan completely resists!
The bolt of lightning hits butt!!!
You resist!
The butt of lightning hits the titan!
The titan completely resists!
The bolt of lightning hits the deep elf archer!
The stone giant throws a butt rock!
You reflect the large rock off your +2 large shield of reflection {god gift}!!!
The butt rock hits the stone giant!!!!!!
The large rock disappears in a puff of smoke!!!
You block the titan's attack!
The titan hits you!!!!!! * * * don't die
* * * The titan hits you!!!!!! * * * don't die
* * * You slice the titan like a ripe choko!!!!!!
You burn the titan!!!
The titan is almost dead!
Butt carve the titan like a ham!
You burn the titan! You carve the titan like a ham!!!!!! You burn the titan!
You block the titan's attack! The titan hits you!!!!!! rip

### ####C# #eC@C#
#######.##C#
#.......##.#
#.##.#####.#
######.##.......#
##.......#.########
..................#
....#..#.######.#
###.#.##......#.##


You could see 3 titans, a stone giant and a deep elf archer.

Vanquished Creatures
  An ancient lich (Vaults:5)
  Mennas (Vaults:3)
  Boris (Vaults:3)
  Saint Roka (Orc:2)
  Vashnia (Snake:4)
  A golden dragon (Vaults:5)
  The ghost of Gorglomux the Severer, an adept MiSu of Okawaru (Vaults:1)
  3 tentacled monstrosities (Vaults:5)
  3 titans (Vaults:5)
  2 quicksilver dragons (Vaults:5)
  2 tentacled starspawn (Abyss:1)
  2 krakens
  Kirke (D:12)
  4 shadow dragons (Vaults:5)
  3 tengu reavers (Vaults:5)
  A revenant (Crypt:1)
  5 storm dragons (Vaults:5)
  9 nagarajas (Snake:4)
  3 fire giants
  Roxanne (Snake:2)
  A deep elf sorcerer (Vaults:5)
  Aizul (Snake:4)
  16 vault wardens
  4 frost giants
  Ilsuiw (Shoals:4)
  An orc warlord (Vaults:3)
  A deep elf elementalist (Vaults:5)
  A war gargoyle (Vaults:1)
  9 ironheart preservers
  7 stone giants
  4 entropy weavers
  A deep elf demonologist (Vaults:5)
  9 very ugly things
  3 deep elf annihilators
  A vampire knight (Vaults:3)
  3 merfolk javelineers (Shoals:4)
  2 eidola (Crypt:1)
  3 crystal guardians
  7 ettins
  2 deep elf death magi
  8 merfolk impalers
  2 jiangshi (Crypt:1)
  9 yaktaur captains
  7 fire dragons
  Erolcha (Orc:2)
  2 great orbs of eyes (Vaults:1)
  31 vault guards
  2 fire dragons (shapeshifter) (Vaults:5)
  16 naga warriors
  7 hydras
  2 rakshasas (Vaults:3)
  9 ogre magi
  8 anacondas
  2 ice dragons
  8 centaur warriors
  4 merfolk avatars
  2 death knights
  3 alligator snapping turtles
  6 catoblepae
  6 merfolk aquamancers
  A satyr (Shoals:3)
  A tengu warrior (D:12)
  40 two-headed ogres
  A queen ant (Lair:3)
  4 vampire magi
  3 deep troll earth magi (Vaults:3)
  6 death yaks (Lair:6)
  Erica (D:10)
  A deep troll shaman (Vaults:5)
  7 shock serpents
  An orc high priest (Orc:2)
  Urug (Orc:1)
  A thrashing horror (Abyss:1)
  18 naga sharpshooters
  10 deep elf knights
  Sonja (D:15)
  A fire crab (shapeshifter) (Vaults:4)
  2 salamander mystics
  33 skeletal warriors
  26 sea snakes
  2 large abominations (Abyss:1)
  2 unseen horrors
  3 flayed ghosts
  3 shadow wraiths
  12 deep trolls
  4 phantasmal warriors
  6 naga ritualists
  A kraken simulacrum (Shoals:4)
  2 glowing orange brains
  6 deep elf archers
  A wolf spider zombie (D:13)
  A necromancer (D:15)
  16 orc knights
  3 orc sorcerers (Orc:2)
  3 wizards
  5 wolf spiders
  20 harpies
  12 deep elf magi
  A tengu skeleton (D:15)
  18 manticores
  19 ugly things
  14 salamanders
  13 ironbrand convokers
  A stone giant zombie (D:15)
  7 mana vipers
  A shadow dragon skeleton (Crypt:1)
  12 cyclopes
  A fire giant zombie (D:15)
  9 fauns
  5 guardian serpents
  13 vault sentinels
  8 water nymphs
  9 merfolk sirens
  A centaur zombie (D:14)
  39 black mambas
  A gargoyle (D:14)
  20 naga magi
  2 torpor snails
  16 spiny frogs
  2 rime drakes
  A white draconian zombie (Crypt:1)
  4 komodo dragons
  A kobold demonologist (D:15)
  An efreet (D:14)
  26 yaktaurs
  3 freezing wraiths
  An ancient zyme (Abyss:1)
  13 trolls
  A queen bee (shapeshifter) (Vaults:2)
  6 wind drakes
  A troll (shapeshifter) (Vaults:5)
  4 hornets
  A jumping spider (shapeshifter) (Vaults:5)
  22 merfolk
  A jumping spider (Vaults:5)
  18 dream sheep
  A stone giant simulacrum (Vaults:1)
  A deep troll zombie (D:15)
  13 hippogriffs
  10 slime creatures
  3 blink frogs (Lair:4)
  12 snapping turtles
  2 hippogriffs (shapeshifter)
  17 water elementals
  A ynoxinul (Abyss:1)
  A tarantella (Vaults:5)
  2 yaks (shapeshifter)
  3 redbacks
  2 shadows
  3 wyverns
  7 wraiths
  49 yaks
  A satyr skeleton (Crypt:1)
  4 vampires
  2 basilisks
  4 hogs
  3 vampire mosquitoes (D:13)
  A hog (shapeshifter) (Vaults:2)
  A neqoxec (Abyss:1)
  A steam dragon (D:13)
  5 golden eyes (Abyss:1)
  9 wargs
  5 hungry ghosts
  Menkaure (D:7)
  48 nagas
  Edmund (D:5)
  20 soldier ants
  Duvessa (D:7)
  32 water moccasins
  3 acid dragons
  11 porcupines
  A hornet zombie (D:15)
  3 ice beasts
  7 sky beasts
  A necrophage (D:14)
  An ettin simulacrum (Vaults:2)
  3 phantoms
  A black bear (D:12)
  38 orc warriors
  A snapping turtle zombie (Crypt:1)
  A swamp drake (shapeshifter) (D:15)
  20 ogres
  6 boggarts
  6 centaurs
  21 wolves
  9 crocodiles
  Blork the orc (Orc:2)
  22 bullfrogs
  3 big kobolds
  Dowan (D:7)
  6 small abominations
  3 scorpions
  8 killer bees
  5 howler monkeys
  3 wights (D:6)
  4 electric eels
  9 crimson imps
  A starcursed mass (Abyss:1)
  A bullfrog zombie (D:9)
  2 quasits
  A yaktaur simulacrum (Vaults:1)
  8 jellies
  33 orc priests
  9 hounds
  An iron imp (Abyss:1)
  5 bullfrog skeletons
  Terence (D:3)
  3 iguanas
  33 worker ants
  20 orc wizards
  6 hell rats (Lair:1)
  6 ogre zombies (D:10)
  2 hound zombies
  A howler monkey zombie (D:11)
  A worker ant zombie (D:7)
  8 gnolls
  A howler monkey skeleton (D:7)
  24 adders
  17 river rats (Lair:1)
  4 shadow imps
  An ooze (D:3)
  An adder zombie (D:5)
  A worm zombie (Crypt:1)
  2 adder skeletons
  4 worms
  5 dart slugs
  7 leopard geckos
  82 orcs
  5 ball pythons
  10 bats
  7 giant cockroaches
  4 goblins
  7 hobgoblins
  7 jackals
  10 quokkas
  A frilled lizard (D:1)
  2 goblin skeletons (D:10)
  3 goblin zombies (D:10)
  A hobgoblin skeleton (D:10)
  2 hobgoblin zombies (D:10)
  23 kobolds
  A leopard gecko skeleton (D:4)
  11 orc zombies (D:10)
  A quokka zombie (D:7)
  24 rats
  6 fungi
  30 plants
  4 starspawn tentacles (Abyss:1)
  7 tentacles
1756 creatures vanquished.

Vanquished Creatures (others)
  A stone giant (Vaults:5)
  A yaktaur captain (Vaults:1)
  3 merfolk javelineers
  A naga warrior (Snake:4)
  A satyr (Shoals:3)
  A centaur warrior (Vaults:3)
  4 naga sharpshooters
  A salamander mystic (Snake:4)
  A naga ritualist (Snake:4)
  A cyclops (Shoals:2)
  A naga mage (Snake:4)
  10 yaktaurs
  2 ogres
  A boggart (Vaults:1)
  5 centaurs
  An orc wizard (Orc:2)
  An orc (Vaults:1)
  2 fungi
  A lurking horror (Abyss:1)
  23 plants
  2 starspawn tentacles (Abyss:1)
  11 tentacles
  12 withered plants (D:15)
87 creatures vanquished.

Grand Total: 1843 creatures vanquished

Notes
Turn   | Place    | Note
-------+----------+-------------------------------------------
     0 | D:1      | Gorglomux the Gargoyle Fighter began the quest for the Orb.
     0 | D:1      | Reached XP level 1. HP: 14/14 MP: 1/1
    68 | D:1      | Reached XP level 2. HP: 15/19 MP: 2/2
   393 | D:1      | Reached XP level 3. HP: 22/23 MP: 3/3
   814 | D:2      | Found an ancient bone altar of Kikubaaqudgha.
   814 | D:2      | Found a shattered altar of Ashenzari.
   816 | D:2      | Found a snail-covered altar of Cheibriados.
   918 | D:2      | Reached XP level 4. HP: 16/29 MP: 4/4
  1207 | D:2      | Found a white marble altar of Elyvilon.
  1219 | D:2      | Found a sacrificial altar of Ru.
  1475 | D:3      | Noticed Terence
  1485 | D:3      | Killed Terence
  1524 | D:3      | Reached XP level 5. HP: 24/33 MP: 5/5
  1545 | D:3      | Found a burning altar of Makhleb.
  1624 | D:3      | Found a hazy altar of Hepliaklqana.
  1978 | D:4      | Reached skill level 3 in Axes
  2228 | D:4      | Noticed an ogre
  2242 | D:4      | Killed an ogre
  2242 | D:4      | Reached XP level 6. HP: 31/39 MP: 6/6
  2290 | D:4      | Noticed Gorglomux's ghost (amateur GrFi)
  2556 | D:4      | Found a staircase to the Ecumenical Temple.
  2566 | D:4      | Reached XP level 7. HP: 44/44 MP: 7/7
  2572 | Temple   | Entered the Ecumenical Temple
  2639 | Temple   | Became a worshipper of Warmaster Okawaru
  2885 | D:5      | Entered Level 5 of the Dungeon
  2889 | D:5      | Noticed Edmund
  3071 | D:5      | Killed Edmund
  3295 | D:5      | Found Alossof's Assorted Antiques.
  3324 | D:5      | Bought a scroll labeled JAIWKA KEMO for 23 gold pieces
  3324 | D:5      | Bought a scroll labeled SOSTEXEJAFRI for 23 gold pieces
  3324 | D:5      | Bought a scroll labeled CUCZI AFEFF for 23 gold pieces
  3324 | D:5      | Bought a scroll labeled BOYVOR RUCRICU for 23 gold pieces
  3324 | D:5      | Bought 2 potions of curing for 138 gold pieces
  3516 | D:5      | Found Nawk's Distillery.
  3735 | D:5      | Bought a potion of degeneration for 10 gold pieces
  3785 | D:6      | Reached XP level 8. HP: 24/51 MP: 8/8
  3979 | D:6      | Reached skill level 6 in Armour
  3979 | D:6      | Reached skill level 6 in Shields
  3991 | D:6      | Reached * piety under Okawaru
  3991 | D:6      | Reached skill level 6 in Fighting
  4616 | D:6      | Found a blossoming altar of Fedhas.
  4617 | D:6      | Found a radiant altar of Vehumet.
  4689 | D:6      | Found Nutruemaywk's Book Boutique.
  4715 | D:6      | Reached XP level 9. HP: 51/56 MP: 9/9
  4797 | D:7      | Reached ** piety under Okawaru
  4850 | D:7      | Found Wannopt's Food Boutique.
  4901 | D:7      | Noticed Menkaure
  4915 | D:7      | Killed Menkaure
  4963 | D:7      | Noticed Duvessa
  4968 | D:7      | Noticed Dowan
  4975 | D:7      | Killed Duvessa
  4989 | D:7      | Killed Dowan
  4989 | D:7      | Reached skill level 6 in Axes
  5709 | D:8      | Reached *** piety under Okawaru
  5915 | D:8      | Reached XP level 10. HP: 54/64 MP: 10/10
  5925 | D:8      | Noticed a moth of wrath
  5973 | D:8      | Found a bloodstained altar of Trog.
  6074 | D:9      | Noticed a two-headed ogre
  6113 | D:8      | Killed a two-headed ogre
  6344 | D:9      | Reached skill level 9 in Armour
  6358 | D:9      | Reached **** piety under Okawaru
  6358 | D:9      | Reached skill level 9 in Fighting
  6358 | D:9      | Reached skill level 9 in Shields
  6441 | D:9      | Noticed a two-headed ogre
  6563 | D:9      | Killed a two-headed ogre
  6955 | D:10     | Entered Level 10 of the Dungeon
  6969 | D:10     | Reached skill level 3 in Invocations
  6984 | D:10     | Noticed a seven-headed hydra
  7445 | D:10     | Found a staircase to the Orcish Mines.
  7455 | D:10     | Reached XP level 11. HP: 64/71 MP: 11/14
  7522 | D:10     | Noticed Erica
  7564 | D:10     | Killed Erica
  7609 | D:10     | Reached ***** piety under Okawaru
  8061 | D:10     | Noticed a seven-headed hydra
  8616 | D:10     | Killed a one-headed hydra
  8982 | D:11     | Received a gift from Okawaru
  9450 | D:11     | Found a staircase to the Lair.
  9740 | D:12     | Noticed Kirke
  9749 | D:12     | Noticed a lindwurm
  9793 | Lair:1   | Entered Level 1 of the Lair of Beasts
  9793 | Lair:1   | Noticed an eight-headed hydra
  9803 | Lair:1   | Killed a two-headed hydra
  9812 | Lair:1   | Reached XP level 12. HP: 49/79 MP: 9/15
 10058 | Lair:1   | Reached skill level 9 in Axes
 10294 | Lair:1   | Noticed an eight-headed hydra
 10313 | Lair:1   | Killed a two-headed hydra
 11214 | Lair:2   | Reached ****** piety under Okawaru
 11513 | Lair:2   | Received a gift from Okawaru
 12008 | Lair:3   | Found a staircase to the Snake Pit.
 12014 | Lair:3   | Noticed a seven-headed hydra
 12031 | Lair:3   | Killed a one-headed hydra
 12031 | Lair:3   | Reached XP level 13. HP: 41/85 MP: 7/16
 12248 | Lair:3   | Found a staircase to the Shoals.
 12440 | Lair:3   | Reached skill level 12 in Fighting
 12440 | Lair:3   | Reached skill level 12 in Armour
 12440 | Lair:3   | Reached skill level 12 in Shields
 13022 | Lair:4   | Received a gift from Okawaru
 13048 | Lair:4   | Got a pair of crude boots {god gift}
 13059 | Lair:4   | Identified the +0 pair of boots "Utuomaav" {god gift, rC+ Int+2} (Okawaru gifted it to you on level 4 of the Lair of Beasts)
 13088 | Lair:4   | Noticed an entropy weaver
 13090 | Lair:4   | Noticed an entropy weaver
 13405 | Lair:3   | Killed an entropy weaver
 13634 | Lair:3   | Killed an entropy weaver
 14623 | Lair:5   | Gained mutation: Your large and strong wings let you fly indefinitely. [Gargoyle growth]
 14623 | Lair:5   | Reached XP level 14. HP: 89/92 MP: 17/17
 15084 | Lair:6   | Entered Level 6 of the Lair of Beasts
 15084 | Lair:6   | Found a staircase to the Slime Pits.
 15243 | Lair:6   | Received a gift from Okawaru
 15315 | Lair:6   | Found a labyrinth entrance.
 15938 | Lair:6   | Received a gift from Okawaru
 16327 | D:12     | Noticed a sphinx
 16335 | D:12     | Killed Kirke
 16793 | D:12     | You are sucked into a shaft!
 16953 | D:13     | Found a roughly hewn altar of Beogh.
 17772 | D:14     | Reached skill level 12 in Axes
 17772 | D:14     | Reached XP level 15. HP: 53/100 MP: 14/18
 17853 | D:14     | Found a gate to the Vaults.
 17861 | D:14     | Received a gift from Okawaru
 18236 | D:14     | Received a gift from Okawaru
 18458 | D:15     | Entered Level 15 of the Dungeon
 18683 | D:15     | Found a staircase to the Depths.
 18879 | D:15     | Noticed Sonja
 18882 | D:15     | Cast into level 1 of the Abyss (Sonja)
 18889 | Abyss:1  | Gained mutation: Armour fits poorly on your strangely shaped body. [a neqoxec]
 18979 | Abyss:1  | Reached skill level 15 in Shields
 18999 | Abyss:1  | Noticed a tentacled starspawn
 19009 | Abyss:1  | Killed a tentacled starspawn
 19009 | Abyss:1  | Reached skill level 15 in Fighting
 19009 | Abyss:1  | Reached skill level 15 in Armour
 19088 | Abyss:1  | Paralysed by accursed screaming for 1 turns
 19279 | Abyss:1  | Reached XP level 16. HP: 32/108 MP: 11/19
 19315 | Abyss:1  | Noticed a tentacled starspawn
 19325 | Abyss:1  | Killed a tentacled starspawn
 19325 | Abyss:1  | Received a gift from Okawaru
 19385 | D:15     | Escaped the Abyss
 19385 | D:15     | HP: 3/108 [Sonja/uncursed short sword of distortion (10)]
 19854 | D:15     | Reached skill level 6 in Invocations
 19968 | D:15     | Killed Sonja
 20420 | Orc:1    | Entered Level 1 of the Orcish Mines
 20420 | Orc:1    | Noticed Urug
 20430 | Orc:1    | Killed Urug
 20476 | Orc:1    | Found Vydun's Antique Weapon Shoppe.
 20507 | Orc:1    | Found a burning altar of Makhleb.
 20554 | Orc:1    | Bought a bloodstained war axe for 204 gold pieces
 20554 | Orc:1    | Identified the +5 war axe of the Sky {elec, *Noise +Inv Str-4 Int+8} (You bought it in a shop on level 1 of the Orcish Mines)
 20888 | Orc:2    | Entered Level 2 of the Orcish Mines
 20976 | Orc:2    | Found a staircase to the Elven Halls.
 21171 | Orc:2    | Noticed Erolcha
 21183 | Orc:2    | Killed Erolcha
 21251 | Orc:2    | Received a gift from Okawaru
 21258 | Orc:2    | Identified the +5 battleaxe of False Accusations {god gift, antimagic, rPois MR+ MP+9} (Okawaru gifted it to you on level 2 of the Orcish Mines)
 21283 | Orc:2    | Noticed Saint Roka
 21287 | Orc:2    | Noticed Blork the orc
 21656 | Orc:2    | Reached skill level 9 in Invocations
 21674 | Orc:2    | Killed Blork the orc
 21722 | Orc:2    | Killed Saint Roka
 21914 | Orc:2    | Found a roughly hewn altar of Beogh.
 21918 | Orc:2    | Found Uzahel's General Store.
 21944 | Orc:2    | Found Muuron's Antique Armour Shoppe.
 21995 | Orc:2    | Bought a scroll of brand weapon for 260 gold pieces
 21995 | Orc:2    | Bought a scroll of summoning for 123 gold pieces
 22088 | Orc:2    | Found Fuiket's Jewellery Shoppe.
 22094 | Orc:2    | Bought the amulet of Desertification {Reflect rC+ rN+ Int-4 SH+6} for 819 gold pieces
 22204 | Orc:2    | Found Taynuiq's Antique Weapon Shoppe.
 22383 | Snake:1  | Entered Level 1 of the Snake Pit
 22806 | Snake:1  | Received a gift from Okawaru
 22970 | Snake:1  | Found Owaesm's Jewellery Emporium.
 22970 | Snake:1  | Found Zaugipni's Assorted Antiques.
 23064 | Snake:1  | Bought a scroll of teleportation for 111 gold pieces
 23064 | Snake:1  | Bought a scroll of identify for 74 gold pieces
 23064 | Snake:1  | Bought a scroll labeled KYJILO ZUFAA for 37 gold pieces
 23759 | Snake:2  | Received a gift from Okawaru
 23759 | Snake:2  | Reached XP level 17. HP: 87/113 MP: 19/23
 23839 | Snake:2  | Found Unadente's Distillery.
 23857 | Snake:2  | Bought a potion of might for 64 gold pieces
 23857 | Snake:2  | Bought a potion of heal wounds for 80 gold pieces
 23857 | Snake:2  | Bought a potion of might for 64 gold pieces
 23857 | Snake:2  | Bought a potion of agility for 64 gold pieces
 23857 | Snake:2  | Bought a potion of agility for 64 gold pieces
 23857 | Snake:2  | Bought a potion of haste for 160 gold pieces
 23857 | Snake:2  | Bought a potion of agility for 64 gold pieces
 23857 | Snake:2  | Bought a potion of agility for 64 gold pieces
 23922 | Snake:2  | Noticed Roxanne
 23964 | Snake:2  | Killed Roxanne
 24038 | Snake:2  | Reached skill level 15 in Axes
 25062 | Snake:3  | Received a gift from Okawaru
 25905 | Snake:4  | Entered Level 4 of the Snake Pit
 26169 | Snake:4  | Received a gift from Okawaru
 26308 | Snake:4  | Noticed Vashnia
 26341 | Snake:4  | Killed Vashnia
 26393 | Snake:4  | Reached XP level 18. HP: 96/119 MP: 24/24
 26422 | Snake:4  | Noticed Aizul
 26431 | Snake:4  | Killed Aizul
 26571 | Snake:4  | Reached skill level 18 in Axes
 27141 | Snake:4  | Got a serpentine rune of Zot
 27586 | Shoals:1 | Entered Level 1 of the Shoals
 27593 | Shoals:1 | Received a gift from Okawaru
 29125 | Shoals:2 | Received a gift from Okawaru
 29524 | Shoals:3 | Reached XP level 19. HP: 94/125 MP: 23/25
 30276 | Shoals:3 | Identified the Reference Book on the Frigorific Birds
 30391 | Shoals:3 | Received a gift from Okawaru
 30684 | Shoals:4 | Entered Level 4 of the Shoals
 30745 | Shoals:4 | Noticed Ilsuiw
 30797 | Shoals:4 | Killed Ilsuiw
 31394 | Shoals:4 | Received a gift from Okawaru
 32122 | Shoals:4 | Identified the Disquisition on the Entourage and Necromancy
 32495 | Shoals:4 | Got a barnacled rune of Zot
 32892 | Vaults:1 | Entered Level 1 of the Vaults
 33093 | Vaults:1 | Reached XP level 20. HP: 131/134 MP: 26/26
 33255 | Vaults:1 | Found a ruined gateway.
 33695 | Vaults:1 | Reached skill level 18 in Shields
 33878 | Vaults:1 | Reached skill level 18 in Armour
 33885 | Vaults:1 | Reached skill level 18 in Fighting
 34171 | Vaults:1 | Noticed Gorglomux's ghost (adept MiSu)
 34210 | Vaults:1 | Killed Gorglomux's ghost
 34771 | Vaults:2 | Received a gift from Okawaru
 34842 | Vaults:2 | Identified the +9 broad axe of Okawaru's Envy {god gift, freeze, rN++ MR- Int+9} (Okawaru gifted it to you on level 2 of the Vaults)
 35232 | Vaults:2 | Reached XP level 21. HP: 142/142 MP: 27/27
 35664 | Vaults:3 | Received a gift from Okawaru
 35708 | Vaults:3 | Identified the +6 broad axe of Liciothrodgh {god gift, chop, Dex+6} (Okawaru gifted it to you on level 3 of the Vaults)
 35734 | Vaults:3 | Got a wavering graven amulet
 35742 | Vaults:3 | Identified the amulet "Yqeufam" {*Contam +Rage +Fly rC++ Str+4} (You found it on level 3 of the Vaults)
 35908 | Vaults:3 | Noticed Boris
 35939 | Vaults:3 | Killed Boris
 36146 | Vaults:3 | Noticed Mennas
 36218 | Vaults:3 | Found a roughly hewn altar of Beogh.
 36459 | Vaults:3 | Found a staircase to the Crypt.
 36474 | Vaults:3 | Received a gift from Okawaru
 36560 | Vaults:3 | Killed Mennas
 37631 | Vaults:4 | Reached XP level 22. HP: 150/150 MP: 28/28
 37699 | Vaults:4 | Found Veemo's Gadget Shop.
 37769 | Vaults:4 | Received a gift from Okawaru
 38336 | Vaults:5 | Entered Level 5 of the Vaults
 38508 | Vaults:5 | Identified a scroll of acquirement
 38699 | Vaults:5 | Noticed a golden dragon
 38699 | Vaults:5 | Received a gift from Okawaru
 38718 | Vaults:5 | Killed a golden dragon
 38836 | Vaults:5 | Received a gift from Okawaru
 38984 | Vaults:5 | Reached XP level 23. HP: 153/158 MP: 21/29
 39139 | Vaults:5 | Got a silver rune of Zot
 39147 | Vaults:5 | Got a smoking platinum ring
 39169 | Vaults:5 | Identified the ring "Hoptucvas" {+Blink Stlth-} (You found it on level 5 of the Vaults)
 39441 | Vaults:5 | Reached skill level 21 in Armour
 39441 | Vaults:5 | Reached skill level 21 in Shields
 39444 | Vaults:5 | Reached skill level 21 in Fighting
 39587 | Vaults:5 | Reached skill level 1 in Dodging
 39594 | Vaults:5 | Got a twitching pewter ring
 39604 | Vaults:5 | Identified Qehuloz's Compendium of Stones and Transformation
 39770 | Vaults:5 | Noticed an ancient lich
 39791 | Vaults:5 | Killed an ancient lich
 39800 | Vaults:5 | Received a gift from Okawaru
 40260 | D:11     | Identified the ring of Jealousy {*Drain rElec rF- Str+2 Dex+7} (You took it off a tengu reaver on level 5 of the Vaults)
 40401 | Temple   | Fell from the grace of Okawaru
 40401 | Temple   | Became a worshipper of the Shining One
 40719 | Crypt:1  | Entered Level 1 of the Crypt
 40795 | Crypt:1  | Reached * piety under the Shining One
 40891 | Crypt:1  | Reached ** piety under the Shining One
 41022 | Crypt:1  | Demolished by a titan

Skill      XL: |  1  2  3  4  5  6  7  8  9 10 11 12 13 14 15 16 17 18 19 20 21 22 23 |
---------------+----------------------------------------------------------------------+-----
Axes           | 2 3 4 5 6 7 8 9 11 12 14 17 18 | 18.0
Armour         | 4 5 7 8 9 10 11 12 14 15 16 17 18 19 20 21 | 21.3
Fighting       | 4 5 6 8 9 10 11 12 14 15 16 17 18 19 20 21 | 21.2
Shields        | 4 5 7 8 9 10 11 13 14 15 16 17 18 19 20 21 | 21.3
Invocations    | 4 9 |  9.7
Dodging        | 2 |  2.6

Action                   |  1- 3 |  4- 6 |  7- 9 | 10-12 | 13-15 | 16-18 | 19-21 | 22-24 || total
-------------------------+-------+-------+-------+-------+-------+-------+-------+-------++-------
Melee: War axe           |   187 |   154 |   483 |   958 |   483 |       |       |       ||  2265
       Scimitar          |       |       |       |    78 |       |       |       |       ||    78
       Hand axe          |       |       |       |    46 |    41 |       |       |       ||    87
       Broad axe         |       |       |       |       |   787 |  1467 |  1936 |   969 ||  5159
Throw: Throwing net      |       |       |       |       |     1 |       |       |       ||     1
Invok: Heroism           |       |       |     7 |    20 |    16 |    34 |    20 |     9 ||   106
       Finesse           |       |       |       |     1 |     3 |    14 |    14 |     5 ||    37
       Divine Shield     |       |       |       |       |       |       |       |     1 ||     1
 Abil: Evoke Flight      |       |       |       |       |     1 |       |       |       ||     1
       Fly               |       |       |       |       |     1 |       |       |       ||     1
Evoke: Wand              |       |       |       |     9 |     2 |     8 |     5 |       ||    24
       Phial of floods   |       |       |       |       |       |       |     1 |       ||     1
  Use: Potion            |       |     3 |     1 |     2 |     3 |     1 |       |       ||    10
       Scroll            |       |       |     6 |    16 |    10 |     9 |    11 |     6 ||    58
 Stab: Petrified         |       |       |       |       |    12 |       |       |       ||    12
       Paralysed         |       |       |       |       |       |     2 |       |       ||     2
       Distracted        |       |       |       |       |       |       |     1 |       ||     1
  Eat: Chunk             |       |     5 |    11 |    24 |    23 |    14 |    17 |     5 ||    99
       Ration            |       |       |     2 |     1 |     1 |     6 |     6 |     3 ||    19
Armor: Scale mail        |   104 |   136 |    48 |       |       |       |       |       ||   288
       Skin              |       |       |     4 |       |       |       |       |       ||     4
       Chain mail        |       |       |   217 |   612 |   724 |   112 |       |       ||  1665
       Fire dragon scale |       |       |       |       |       |   278 |   366 |   269 ||   913
Dodge: Dodged            |    89 |    49 |    65 |   176 |   230 |   163 |   171 |   140 ||  1083
Block: Shield            |   139 |    54 |       |       |       |       |       |       ||   193
       Large shield      |       |   100 |   423 |  1117 |  1384 |  1613 |  1768 |  1032 ||  7437
       Reflection        |       |       |       |       |    12 |   212 |   180 |    22 ||   426
       Rpst.: Scimitar   |       |       |       |     5 |       |       |       |       ||     5
